Map: 하드와이어 - 래더

Players

GuMiho

  • Race: Terran Terran

DPGZest (Zest) - Winner!

  • Race: Protoss Protoss
  • League: Master

Event: DreamHack SC2 Masters Last Chance 2022

VOD

Have the link to the VOD?

Description

Time

  • Played on: Dec. 15, 2021, 4:07 a.m.
  • Length: 6:27

All games in this series

Show
View Real Time Build Order
Export as new Build Order

GuMiho Terran 

Build Orders: Reaper Expand 

Get SALT Encoding   

  12  0:00  SCV  
  13  0:12  SCV  
  14  0:17  Supply Depot  
  14  0:24  SCV  
  15  0:38  SCV  
  15  0:39  Barracks  
  16  0:42  Refinery  
  16  0:50  SCV  
  17  1:02  SCV  
  18  1:14  SCV  
  19  1:26  Reaper  
  19  1:27  Orbital Command  
  20  1:40  Command Center  
  20  1:45  Refinery  
  20  1:53  SCV  
  21  1:59  Barracks Reactor  
  21  2:01  Supply Depot  
  21  2:05  SCV  
  22  2:17  SCV  
  22  2:18  Factory  
  23  2:29  SCV  
  24  2:34  Marine x2  
  26  2:41  SCV  
  27  2:52  Marine x2, Orbital Command  
  27  2:53  SCV  
  30  3:01  Starport  
  30  3:02  Factory Tech Lab  
  30  3:05  SCV  
  31  3:10  Marine x2  
  33  3:17  SCV  
  34  3:22  Supply Depot  
  34  3:23  Siege Tank  
  34  3:25  SCV  
  38  3:29  Marine x2  
  39  3:37  SCV x2  
  32  3:41  Medivac  
  43  3:49  SCV  
  43  3:50  SCV  
  43  3:52  Supply Depot, Marine x2  
  47  3:57  Siege Tank  
  50  4:04  SCV x2  
  50  4:06  Supply Depot  
  52  4:14  Barracks, Marine  
  52  4:15  Starport Tech Lab, Marine  
  54  4:19  SCV  
  54  4:20  Refinery  
  54  4:22  SCV  
  56  4:31  SCV  
  56  4:33  Engineering Bay  
  56  4:34  Raven, SCV  
  56  4:38  Marine x2  
  62  4:39  Supply Depot  
  62  4:48  Siege Tank  
  62  4:49  SCV x2  
  67  4:55  Marine  
  67  4:56  Marine  
  69  5:01  Barracks Tech Lab, SCV x2  
  69  5:05  Barracks  
  69  5:07  Marine  
  70  5:13  Marine x2, SCV  
  70  5:14  SCV  
  68  5:21  Siege Tank  
  68  5:26  SCV x2  
  72  5:35  Barracks Tech Lab  
  72  5:38  SCV x2  
  72  5:41  Refinery  
  72  5:42  Supply Depot  
  74  5:45  Starport Reactor  
  71  5:51  Marine x2  
  71  5:55  SCV x2  
  73  5:58  Marine  
  74  6:08  Supply Depot  
  74  6:09  Marine x2  
  78  6:12  SCV x2  
  82  6:20  Missile Turret  
Show
View Real Time Build Order
Export as new Build Order

DPGZest Protoss - Winner!

Build Orders: 1 Gate Expand, Blink Stalkers 

Get SALT Encoding   

  12  0:00  Probe  
  13  0:12  Probe  
  14  0:17  Pylon  
  14  0:24  Probe (Chrono Boost)  
  15  0:36  Gateway, Probe (Chrono Boost)  
  16  0:44  Probe (Chrono Boost)  
  16  0:45  Assimilator  
  17  0:51  Probe  
  18  1:03  Probe  
  19  1:15  Probe  
  20  1:22  Nexus  
  20  1:32  Cybernetics Core  
  20  1:35  Probe  
  21  1:41  Assimilator  
  21  1:47  Probe  
  21  1:51  Pylon  
  22  1:59  Probe  
  23  2:06  Stalker (Chrono Boost)  
  23  2:10  Warp Gate  
  23  2:11  Probe  
  26  2:21  Twilight Council  
  26  2:23  Probe  
  27  2:33  Stalker  
  29  2:42  Probe x2 (Chrono Boost)  
  31  2:45  Blink (Chrono Boost)  
  33  2:51  Probe (Chrono Boost)  
  33  2:53  Probe (Chrono Boost)  
  33  2:56  Probe  
  33  3:02  Probe  
  35  3:09  Probe  
  36  3:13  Robotics Facility  
  36  3:14  Probe  
  37  3:21  Pylon  
  37  3:22  Probe  
  37  3:26  Probe  
  39  3:34  Probe  
  40  3:39  Probe  
  41  3:44  Gateway  
  41  3:46  Probe  
  42  3:52  Probe  
  42  3:54  Gateway  
  43  3:55  Gateway  
  43  3:57  Warp Prism (Chrono Boost)  
  43  3:58  Probe  
  46  4:03  Pylon  
  46  4:09  Stalker  
  48  4:12  Shield Battery  
  48  4:15  Assimilator  
  48  4:26  Shield Battery  
  48  4:31  Observer  
  49  4:39  Dark Shrine  
  49  4:43  Assimilator  
  49  4:46  Probe x2  
  49  4:47  Stalker x2  
  49  4:48  Stalker  
  49  4:49  Stalker  
  49  4:52  Pylon  
  59  5:00  Pylon  
  59  5:10  Probe x2  
  61  5:27  Pylon  
  61  5:28  Stalker  
  61  5:29  Stalker x2  
  61  5:30  Pylon  
  61  5:31  Zealot  
  61  5:34  Probe  
  70  5:43  Nexus  
  70  5:45  Probe  
  65  5:57  Observer  
  65  6:01  Dark Templar  
  65  6:02  Dark Templar x3  
  73  6:04  Probe x2  
  73  6:05  Pylon  
  76  6:15  Pylon  

Tags
 
Add a new tag
Caveats
  • Supply blocks, unpowered buildings, or Contaminate may cause inaccurate times.
  • Supply counts are checked every 10 seconds.